Description

you can climb from bronze to diamond level.Try to be fast i recommend do practice against ai before play ladder games.

VOD

https://lotv.spawningtool.com/74035/

Build Order

Get SALT Encoding   

  13  0:14  Overlord  
  16  0:48  Hatchery  
  18  1:00  Extractor  3 drones to mine gas
  17  1:13  Spawning Pool  
  16  2:00  Metabolic Boost, Zergling x2, Queen x2  Take back drones to minerals
  24  2:10  Zergling  
  25  2:11  Overlord  
  25  2:21  Zergling x2  
  27  2:32  Zergling  
  28  2:36  Drone  İnject with Queens to both Hatcheries
  29  2:42  Zergling  
  30  2:43  Zergling  
  31  2:44  Hatchery  
  30  2:53  Overlord  
  30  2:54  Zergling  Keep making Zerglings and İnject larvas with Queens
Spawning Tool Build Advisor. Get it on Overwolf

Analysis

When Metabolic Boost(movement speed upgrade) at %75 select all your army and rush to enemy base and finish the game.

Some cases if your opponent so good for the rank (maybe smurf account) you may not available to finish the game then try do Baneling Nest and attack with some Speedling/Bane combo.

Go to:

Details

  • Created by: ProDOS
  • Published on: Jun 01, 2022
  • Modified on: Jun 07, 2022
  • Patch: 4.11.0
  • Difficulty: Easy
Show
View Real Time Build Order
Export as new Build Order

Comments (6)

On Aug. 1, 2022, 11:44 a.m., Ahsoka  said:

Do you have a video for this build?

On July 6, 2022, 2:07 a.m., StepSerral  said:

@nfelter2 its the number of supply or the number of drones/workers you have. for example, if you have 13 supply/workers then you make 1 overlord. and if you have 16 workers then its time for you to make a 2nd hatchery

On June 6, 2022, 2:05 a.m., ProDOS  said:

@nfelter it's supply number as a zerg race you lose the worker(drone) when you build buildings

On June 5, 2022, 1:20 p.m., nfelter2  said:

also, would love to see a video of this!

On June 5, 2022, 12:44 p.m., nfelter2  said:

Im new to the game, and im a little confused as to why the numbers go 13,1618,17,16. just hoping for an explanation to clarify. thanks!

On June 1, 2022, 1:35 p.m., ProDOS  said:

Happy laddering! :)

Create an account to comment!